 Dungeon Crawl Stone Soup version 0.21-a0-437-ge5bf024 (webtiles) character file.

28 KristoblXynda the Slasher (level 3, -1/23 HPs)
             Began as a Tengu Berserker on Nov 9, 2017.
             Was a Follower of Trog.
             Slain by an orc wizard
             ... wielding a +0 dagger
              (2 damage)
             ... on level 1 of the Dungeon.
             The game lasted 00:01:32 (967 turns).

KristoblXynda the Slasher (Tengu Berserker)          Turns: 967, Time: 00:01:33

Health: -1/23      AC:  3    Str: 17    XL:     3   Next: 12%
Magic:  4/4        EV: 13    Int:  8    God:    Trog [*.....]
Gold:   74         SH:  0    Dex: 13    Spells: 2/2 levels left

rFire    . . .     SeeInvis .   e - +1 dagger (venom)
rCold    . . .     Gourm    .   (no shield)
rNeg     . . .     Faith    .   b - +0 animal skin
rPois    .         Spirit   .   (helmet restricted)
rElec    .         Reflect  .   (no cloak)
rCorr    .         Harm     .   h - +0 pair of gloves
MR       .....                  (boots unavailable)
Stlth    +.........             (no amulet)
HPRegen  0.07/turn              (no ring)
MPRegen  0.09/turn              (no ring)

@: berserk cooldown, slowed, very slow
A: beak, talons 3
a: Berserk, Burn Spellbooks, Renounce Religion


You were on level 1 of the Dungeon.
You worshipped Trog.
Trog was aware of your devotion.
You were hungry.

You visited 1 branch of the dungeon, and saw 2 of its levels.

You collected 74 gold pieces.

Inventory:

Hand Weapons
 a - a +0 falchion
 e - a +1 dagger of venom (weapon)
Armour
 b - a +0 animal skin (worn)
 h - a +0 pair of gloves (worn)
Scrolls
 d - a scroll of amnesia {unknown}
 g - a scroll of remove curse {unknown}
 i - a scroll of identify {unknown}
 j - a scroll of enchant armour {unknown}
Comestibles
 c - 2 bread rations
 f - 2 fruits


   Skills:
 - Level 3.0 Fighting
 + Level 3.8 Long Blades
 + Level 2.8 Armour
 + Level 2.9 Dodging


You had 2 spell levels left.
You didn't know any spells.

Dungeon Overview and Level Annotations

Branches:
Dungeon (2/15)

Altars:


Innate Abilities, Weirdness & Mutations

You have a beak for a mouth.
You have claws for feet.


Message History

You climb upwards.
There is a stone staircase leading down here.
Unknown command.
You hit something but do no damage. You claw something.
Your peck misses something. Something hits you but does no damage.
Something hits you.
You hit something. You claw something.
Something hits you but does no damage. x2
You barely miss something. Your kick misses something.
Your peck misses something. Something hits you.
* * * LOW HITPOINT WARNING * * *
Something hits you but does no damage.
You miss something. Your kick misses something. You peck something.
Something hits you but does no damage. x2
You barely miss something.
You hear some strange, mumbled words.
A magic dart appears from out of thin air!
The magic dart hits you!
* * * LOW HITPOINT WARNING * * *
Something hits you.
You die...

#.# #.....#.....##..##..## # #.#
#.#...#.###........## # #.#
#.......#......##### #####
##.#####.#.....#.###..### ##...#
............##...#......####....#
...........####..#..)....##.....#
....................)..#........#
...........###..{.......###......
...........##...@........##......
...........##..#####.###.##......
.....................# #.##..####
...........#.######### #.###.#
.........#.##........# #..####
...#####...##..#####.# ##....#
...# ##..#....#......## ####.#
...# #.......#..###...########
...###.#.#.#.#.######.....####


There were no monsters in sight!

Vanquished Creatures
  A dart slug (D:1)
  An orc (D:2)
  A ball python (D:1)
  2 giant cockroaches
  3 goblins
  4 hobgoblins
  A jackal (D:2)
  3 kobolds (D:1)
  A bat (D:1)
  2 frilled lizards (D:1)
  3 rats (D:1)
22 creatures vanquished.

Notes
Turn   | Place    | Note
-------+----------+-------------------------------------------
     0 | D:1      | KristoblXynda the Tengu Berserker began the quest for the Orb.
     0 | D:1      | Reached XP level 1. HP: 14/14 MP: 2/2
   159 | D:1      | Reached XP level 2. HP: 14/19 MP: 3/3
   948 | D:2      | Reached XP level 3. HP: 23/23 MP: 4/4
   967 | D:1      | HP: 1/23 [something/magic dart (5)]
   967 | D:1      | Slain by an orc wizard

Vault maps used:
D:1:      eino_arrival_cavern_b, serial_co_window_serial, co_window_paths_b,
          co_window_of_opportunity_a, co_window_paths_a,
          co_window_of_opportunity_a, co_window_corner_a, co_window_2corner,
          co_window_paths_c, co_window_of_opportunity_c, co_window_paths_c,
          co_window_broadway_a, co_window_broadway_c, co_window_broadway_a,
          co_window_4corner_a, glass_columns_b, st_stairs_8,
          serial_park_tiny_pond, hangedman_abyss_or_decor_stabs, minivault_27
D:2:      first_bread, fedhas_altar_3

Action                   || total
-------------------------++-------
Melee: Dagger            ||    41
       Kick              ||    13
       Peck              ||     4
       Falchion          ||     1
Invok: Berserk           ||     1
Armor: Animal skin       ||    10
Dodge: Dodged            ||    21

Table legend:
 A = Spawn XP
 B = Non-spawn XP
 C = Spawn XP percentage of total XP
 D = Spawn monster count
 E = Non-spawn monster count
 F = Spawn count percentage of total count
 G = Total turns spent on level
                    A         B        C        D         E        F      G
               +---------+---------+-------+---------+---------+-------+---------
         Total |       0 |      40 |   0.0 |       0 |      22 |   0.0 |   967
               +---------+---------+-------+---------+---------+-------+---------
           D:1 |       0 |      29 |   0.0 |       0 |      17 |   0.0 |   941
           D:2 |       0 |      11 |   0.0 |       0 |       5 |   0.0 |    26
               +---------+---------+-------+---------+---------+-------+---------
